Map: Acropolis LE

Players

Mesrob

  • Race: Terran Terran
  • League: Platinum
  • Spawn Location: 11:00

Gromdown - Winner!

  • Race: Zerg Zerg
  • League: Platinum
  • Spawn Location: 5:00

VOD

Have the link to the VOD?

Description

Time

  • Played on: July 11, 2019, 10:04 p.m.
  • Length: 4:15
Show
View Real Time Build Order
Export as new Build Order

Mesrob Terran 

Build Orders: Reaper Expand 

Get SALT Encoding   

  12  0:00  SCV  
  13  0:12  SCV  
  14  0:17  Supply Depot  
  14  0:24  SCV  
  15  0:38  SCV  
  15  0:39  Barracks  
  16  0:44  Refinery  
  16  0:51  SCV  
  17  1:03  SCV  
  18  1:15  SCV  
  19  1:28  Orbital Command  
  19  1:40  Command Center  
  19  1:43  Reaper  
  20  1:54  SCV  
  21  2:04  Factory  
  21  2:08  SCV  
  22  2:12  Refinery  
  22  2:20  SCV  
  22  2:21  Barracks Reactor  
  23  2:37  Supply Depot  
  23  2:39  Supply Depot  
  23  2:51  SCV  
  23  2:52  Orbital Command  
  24  3:10  Supply Depot  
  24  3:13  SCV  
  24  3:15  Hellion x2  
  29  3:23  SCV  
  29  3:25  SCV  
  30  3:35  SCV  
  29  3:44  Marine  
  31  3:53  SCV  
  31  3:54  SCV, Armory  
Show
View Real Time Build Order
Export as new Build Order

Gromdown Zerg - Winner!

Build Orders: Hatch First 

Get SALT Encoding   

  13  0:07  Drone  
  13  0:15  Overlord  
  13  0:21  Drone  
  14  0:37  Drone  
  15  0:48  Drone  
  16  0:52  Hatchery  
  16  0:53  Drone  
  16  0:57  Drone  
  17  1:17  Spawning Pool  
  16  1:22  Drone x2  
  18  1:25  Extractor  
  18  1:26  Drone  
  18  1:33  Drone  
  19  1:44  Overlord  
  19  2:03  Queen  
  19  2:05  Queen  
  19  2:07  Drone x3  
  26  2:16  Zergling x4  
  28  2:29  Baneling Nest  
  27  2:35  Drone  
  27  2:36  Extractor  
  27  2:38  Drone x3  
  30  2:47  Zergling x2  
  30  2:49  Metabolic Boost  
  31  2:51  Zergling x2  
  31  2:58  Zergling x2  
  33  2:59  Zergling x2  
  34  3:09  Zergling x2  
  34  3:10  Zergling x2  
  36  3:15  Overlord x2  
  36  3:40  Zergling x2  
  36  3:41  Zergling x8  
  41  3:45  Zergling x8  
  45  3:51  Zergling x2  
  46  3:56  Zergling x2  
Tags
 
Add a new tag
Caveats
  • Supply blocks, unpowered buildings, or Contaminate may cause inaccurate times.
  • Supply counts are checked every 10 seconds.